 Dungeon Crawl Stone Soup version 0.31-a0-590-g8a5a4361df (webtiles) character file.

Game seed: 9560456868894065996

56 cforsyth the Charlatan (level 3, -1/28 HPs)
             Began as a Gnoll Artificer on Aug 19, 2023.
             Slain by a worm (11 damage)
             ... on level 3 of the Dungeon.
             The game lasted 00:02:03 (1884 turns).

cforsyth the Charlatan (Gnoll Artificer)            Turns: 1884, Time: 00:02:03

Health: -1/28      AC:  3    Str: 11    XL:     3   Next: 97%
Magic:  4/4        EV: 12    Int: 12    God:
Gold:   100        SH:  0    Dex: 12    Spells: 4/4 levels left

rFire   . . .        a - +0 club
rCold   . . .        (no shield)
rNeg    . . .        b - +0 leather armour
rPois   .            (no helmet)
rElec   .            (no cloak)
rCorr   .            (no gloves)
SInv    .            (no boots)
Will    .....        (no amulet)
Stlth   ++           (no ring)
HPRegen 0.24/turn    (no ring)
MPRegen 0.09/turn

%: no passive effects
@: no status effects
A: fangs 1, strong nose, distributed training
a: no special abilities


You were on level 3 of the Dungeon.
You visited 1 branch of the dungeon, and saw 3 of its levels.

You collected 100 gold pieces.

Inventory:

Hand Weapons
 a - a +0 club (weapon)
Missiles
 q - 4 poisoned darts
Armour
 b - a +0 leather armour (worn)
Wands
 c - a wand of flame (14) (quivered)
 d - a wand of charming (15)
 e - a wand of iceblast (5)
Scrolls
 f - 2 scrolls of identify {unknown}
 h - a scroll of enchant weapon {unknown}
 j - 3 scrolls of summoning {unknown}
 l - a scroll of fear {unknown}
 o - a scroll of blinking {unknown}
Potions
 g - a potion of invisibility {unknown}
 i - a potion of brilliance {unknown}
 k - a potion of berserk rage {unknown}
 m - a potion of attraction {unknown}
 n - a potion of curing {unknown}
 p - a potion of enlightenment {unknown}


   Skills:
 + Level 2.7 Fighting
 + Level 1.0 Short Blades
 + Level 1.0 Long Blades
 + Level 1.0 Axes
 + Level 1.0 Maces & Flails
 + Level 1.0 Polearms
 + Level 1.0 Staves
 + Level 1.0 Ranged Weapons
 + Level 1.0 Throwing
 + Level 4.6 Armour
 + Level 2.7 Dodging
 + Level 2.5 Stealth
 + Level 1.0 Shields
 + Level 1.0 Unarmed Combat
 + Level 1.0 Spellcasting
 + Level 0.7 Conjurations
 + Level 0.7 Hexes
 + Level 0.7 Summonings
 + Level 0.7 Necromancy
 + Level 0.7 Translocations
 + Level 0.7 Transmutations
 + Level 0.7 Fire Magic
 + Level 0.7 Ice Magic
 + Level 0.7 Air Magic
 + Level 0.7 Earth Magic
 + Level 0.7 Poison Magic
 + Level 1.1 Invocations
 + Level 6.5 Evocations
 + Level 0.7 Shapeshifting


You had 4 spell levels left.
You didn't know any spells.
Your spell library was empty.

Dungeon Overview and Level Annotations

Branches:
Dungeon (3/15)

Altars:

Shops:
D:1 :


Innate Abilities, Weirdness & Mutations

You have very sharp teeth.
Your uncanny sense of smell can sniff out nearby items.
Your experience applies equally to all skills.


Message History

You hit the worm.
The worm is moderately wounded.
The worm barely misses you.
You barely miss the worm.
The worm is moderately wounded.
The worm closely misses you.
You hit the worm but do no damage.
The worm is moderately wounded.
The worm barely misses you.
You hit the worm but do no damage.
The worm is lightly wounded.
You hit the worm.
The worm is moderately wounded.
The worm bites you but does no damage.
You barely miss the worm. You bite the worm, but do no damage.
The worm is lightly wounded.
The worm misses you.
You hit the worm.
The worm is moderately wounded.
The worm bites you!
You hit the worm but do no damage.
The worm is lightly wounded.
The worm closely misses you.
You hit the worm.
The worm is moderately wounded.
You hit the worm.
The worm is heavily wounded.
The worm bites you!
You are too injured to fight recklessly!
You are too injured to fight recklessly!
You are too injured to fight recklessly!
You are too injured to fight recklessly!
You are too injured to fight recklessly!
You are too injured to fight recklessly!
You are too injured to fight recklessly!
You are too injured to fight recklessly!
You barely miss the worm.
The worm is heavily wounded.
The worm bites you!
You die...

### ... #.#
##.##
##<..##
#.....#####
#.w?......#
#..@..#
##...##
#####


You could see a worm.

Vanquished Creatures
  2 adders (D:2)
  2 ball pythons
  A bat (D:2)
  2 endoplasms (D:1)
  2 giant cockroaches
  3 goblins
  6 hobgoblins
  3 jackals (D:1)
  2 kobolds (D:2)
  3 quokkas
  2 frilled lizards
  6 rats
34 creatures vanquished.

Notes
Turn   | Place    | Note
-------+----------+-------------------------------------------
     0 | D:1      | cforsyth the Gnoll Artificer began the quest for the Orb.
     0 | D:1      | Reached XP level 1. HP: 17/17 MP: 1/1
    85 | D:1      | Found a faded altar of an unknown god.
   111 | D:1      | Found Afelan's Book Shop.
   160 | D:1      | Reached XP level 2. HP: 16/23 MP: 2/2
  1003 | D:2      | Reached XP level 3. HP: 28/28 MP: 3/3
  1314 | D:2      | Reached skill level 1 in Invocations
  1501 | D:2      | Reached skill level 1 in Short Blades
  1501 | D:2      | Reached skill level 1 in Long Blades
  1501 | D:2      | Reached skill level 1 in Axes
  1501 | D:2      | Reached skill level 1 in Maces & Flails
  1501 | D:2      | Reached skill level 1 in Polearms
  1501 | D:2      | Reached skill level 1 in Staves
  1501 | D:2      | Reached skill level 1 in Ranged Weapons
  1501 | D:2      | Reached skill level 1 in Throwing
  1501 | D:2      | Reached skill level 1 in Shields
  1501 | D:2      | Reached skill level 1 in Unarmed Combat
  1501 | D:2      | Reached skill level 1 in Spellcasting
  1884 | D:3      | Slain by a worm

Illustrated notes

Levels and vault maps discovered:
D:1:      psy_arrival_heroes, layout_basic, shapermc_ecumenical_altar_gd,
          serial_shops, shop
D:2:      minmay_spotlight, layout_basic
D:3:      wander_river, layout_loops_ring

Skill      XL: |  1  2  3 |
---------------+----------+-----
Invocations    | 1 |  1.1
Short Blades   | 1 |  1.0
Long Blades    | 1 |  1.0
Axes           | 1 |  1.0
Maces & Flails | 1 |  1.0
Polearms       | 1 |  1.0
Staves         | 1 |  1.0
Ranged Weapons | 1 |  1.0
Throwing       | 1 |  1.0
Shields        | 1 |  1.0
Unarmed Combat | 1 |  1.0
Spellcasting   | 1 |  1.0
Fighting       | |  2.7
Armour         | |  4.6
Dodging        | |  2.7
Stealth        | |  2.5
Conjurations   | |  0.7
Hexes          | |  0.7
Summonings     | |  0.7
Necromancy     | |  0.7
Translocations | |  0.7
Transmutations | |  0.7
Fire Magic     | |  0.7
Ice Magic      | |  0.7
Air Magic      | |  0.7
Earth Magic    | |  0.7
Poison Magic   | |  0.7
Evocations     | |  6.5
Shapeshifting  | |  0.7

Action                     || total
---------------------------++-------
  Melee: Club              ||   184
         Bite              ||    12
         Punch             ||     1
  Evoke: Wand              ||     1
   Stab: Sleeping          ||     6
 Armour: Leather armour    ||    44
  Dodge: Dodged            ||   153

Table legend: (Time is in decaauts)
 A = Elapsed time spent in this place.
 B = Non-inter-level travel time spent in this place.
 C = Inter-level travel time spent in this place.
 D = Time resting spent in this place.
 E = Time spent auto-exploring this place.
 F = Levels seen in this place.
 G = Mean time per level.
                   A        B        C        D        E       F      G
               +--------+--------+--------+--------+--------+-----+--------+
         Total |   1934 |   1802 |    132 |     37 |   1338 |   3 |  644.7 |
       Dungeon |   1934 |   1802 |    132 |     37 |   1338 |   3 |  644.7 |
               +--------+--------+--------+--------+--------+-----+--------+

Top non-repeatable levels by time:
     D:1: 967 daAuts
     D:2: 952 daAuts
     D:3: 15 daAuts
